 Dungeon Crawl Stone Soup version 0.32-a0-900-g30fb1b0edc (webtiles) character file.

Game seed: 16205398275371373163

106 GloriousHammer the Poker (level 4, 0/35 HPs)
             Began as a Merfolk Gladiator on Apr 5, 2024.
             Incinerated by a bombardier beetle (4 damage)
             ... with a burning spray
             ... on level 3 of the Dungeon.
             The game lasted 00:03:06 (2003 turns).

GloriousHammer the Poker (Merfolk Gladiator)        Turns: 2003, Time: 00:03:07

Health: 0/35       AC:  7    Str: 14    XL:     4   Next: 84%
Magic:  4/4        EV: 10    Int:  7    God:
Gold:   107        SH:  5    Dex: 17    Spells: 3/3 levels left

rFire   . . .        j - +0 halberd
rCold   . . .        (shield currently unavailable)
rNeg    . . .        h - +0 scale mail
rPois   .            c - +0 helmet
rElec   .            (no cloak)
rCorr   .            (no gloves)
SInv    .            (no boots)
Will    .....        g - amulet of reflection Stlth
                     (no ring)
HPRegen 0.25/turn    (no ring)
MPRegen 0.09/turn

%: reflection
@: on fire, glowing
A: (nimble swimmer 2), mertail
a: no special abilities


You were on level 3 of the Dungeon.
You visited 1 branch of the dungeon, and saw 3 of its levels.

You collected 107 gold pieces.

Inventory:

Hand Weapons
 a - a +0 trident
 j - a +0 halberd (weapon)
Missiles
 d - 3 throwing nets
 e - a javelin (quivered)
Armour
 b - a +0 leather armour
 c - a +0 helmet (worn)
 h - a +0 scale mail (worn)
Jewellery
 g - an amulet of reflection (around neck)
Scrolls
 f - a scroll of identify {unknown}
 i - a scroll of immolation {unknown}
 k - a scroll of vulnerability {unknown}
 l - a scroll of torment {unknown}
 m - a scroll of enchant armour {unknown}


   Skills:
 + Level 3.1 Fighting
 * Level 5.5 Polearms
 - Level 2.0 Throwing
 + Level 1.0 Armour
 + Level 4.8 Dodging


You had 3 spell levels left.
You didn't know any spells.
Your spell library contained the following spells:

 Spells                   Type           Power      Damage    Failure   Level
 Tukima's Dance           Hex            0%         N/A       99%         3
 Dimensional Bullseye     Hex/Tloc       0%         N/A       100%        4
 Iskenderun's Mystic Bla Conj/Tloc 0%             2d3        (+2d1     100%        4


Dungeon Overview and Level Annotations

Branches:
Dungeon (3/15)

Altars:

Annotations:
D:2 Sigmund


Innate Abilities, Weirdness & Mutations

((You are very nimble when in or above water. (Stealth+, EV+, Speed+++)))
Your lower body shifts to a powerful aquatic tail in water.


Message History

A magic dart appears from out of thin air!
The magic dart hits you but does no damage.
You climb downwards.
Reactivating autopickup.
The kobold shouts!
Found a scroll labelled FYOTSUFAUGH.
There is a stone staircase leading up here.
Found a club.
You reach to attack!
You hit the kobold but do no damage. You puncture the kobold!
You kill the kobold!
No target in view!
You see here a +0 short sword.
m - a scroll labelled FYOTSUFAUGH As you open the door, it creaks loudly!
An adder comes into view.
The adder hisses angrily.
An adder is nearby!
An adder is nearby!
You slash the adder!
The adder is severely wounded.
The adder bites you but does no damage. x2
You hit the adder but do no damage.
The adder is severely wounded.
The adder bites you. The adder bites you but does no damage.
You slash the adder!
You kill the adder!
There is an open door, spattered with blood here.
You see here an adder corpse.
HP restored.
Found an escape hatch in the ceiling.
A bat comes into view.
Found a stone staircase leading down.
A bat is nearby!
You reach to attack!
You barely miss the bat. The bat barely misses you.
You throw a javelin. The javelin pierces through the bat!
You kill the bat!
Found a hand axe.
No target in view!
e - a javelin You open the door.
There is an open door here.
There is an open door here.
A bombardier beetle comes into view.
A bombardier beetle is nearby!
A bombardier beetle is nearby!
You reach to attack!
You closely miss the bombardier beetle.
You hit the bombardier beetle but do no damage.
The bombardier beetle bites you but does no damage.
You closely miss the bombardier beetle. You closely miss the bombardier beetle.
The bombardier beetle bites you.
You barely miss the bombardier beetle.
The bombardier beetle sprays incendiary fluid at you.
The burning spray hits you.
You are covered in liquid fire!
You hit the bombardier beetle.
The bombardier beetle is lightly wounded.
The liquid fire burns you!
You hit the bombardier beetle.
The bombardier beetle is moderately wounded.
The liquid fire burns you! The bombardier beetle bites you.
You hit the bombardier beetle.
The bombardier beetle is moderately wounded.
The liquid fire burns you!
You block the bombardier beetle's attack.
You shake off some of the fire as you move.
The liquid fire burns you!
The bombardier beetle attacks as it pursues you!
The bombardier beetle bites you but does no damage.
You shake off some of the fire as you move.
The liquid fire burns you!
You shake off the liquid fire.
You completely miss the bombardier beetle.
The bombardier beetle is moderately wounded.
The bombardier beetle closely misses you.
You hit the bombardier beetle but do no damage.
The bombardier beetle is moderately wounded.
You block the bombardier beetle's attack.
You closely miss the bombardier beetle.
The bombardier beetle is moderately wounded.
The bombardier beetle sprays incendiary fluid at you.
The burning spray hits you.
You are covered in liquid fire!
You hit the bombardier beetle.
The bombardier beetle is heavily wounded.
The liquid fire burns you!
You completely miss the bombardier beetle.
The bombardier beetle is heavily wounded.
The liquid fire burns you!
* * * LOW HITPOINT WARNING * * *
The bombardier beetle sprays incendiary fluid at you.
The burning spray hits you.
You are even more covered in liquid fire!
You shake off some of the fire as you move.
The liquid fire burns you!
* * * LOW HITPOINT WARNING * * *
You shake off some of the fire as you move.
The liquid fire burns you!
You die...

..........
......)###########
.......##........#
..........##..##.#
#.........#......#
#.......#.#...#..#
#####'###.#.###..#
#.....#......#
############@#
#####.# #...B.#
#.##### #. #. ..
.. ##.


You could see a bombardier beetle.

Vanquished Creatures
  3 gnolls (D:2)
  3 adders
  3 dart slugs
  4 bats
  3 endoplasms (D:2)
  3 giant cockroaches
  4 goblins
  4 hobgoblins (D:1)
  7 kobolds
  2 quokkas
  2 ball pythons (D:1)
  4 frilled lizards
  4 rats (D:2)
46 creatures vanquished.

Notes
Turn   | Place    | Note
-------+----------+-------------------------------------------
     0 | D:1      | GloriousHammer the Merfolk Gladiator began the quest for
                  | the Orb.
     0 | D:1      | Reached XP level 1. HP: 16/16 MP: 1/1
   162 | D:1      | Reached XP level 2. HP: 23/23 MP: 2/2
  1025 | D:2      | Reached XP level 3. HP: 25/28 MP: 3/3
  1361 | D:2      | Reached skill level 5 in Polearms
  1390 | D:2      | Reached XP level 4. HP: 34/34 MP: 4/4
  1701 | D:2      | Reached skill level 1 in Armour
  1895 | D:2      | Noticed Sigmund
  2003 | D:3      | Incinerated by a bombardier beetle

Illustrated notes

Levels and vault maps discovered:
D:1:      nicolae_arrival_somewhat_less_tricky_arrival, layout_basic
D:2:      layout_loops_cross, uniq_sigmund
D:3:      layout_basic, st_stairs_6

Skill      XL: |  1  2  3  4 |
---------------+-------------+-----
Polearms       | 5 |  5.5
Fighting       | 3 |  3.1
Armour         | 1 |  1.0
Throwing       | |  2.0
Dodging        | |  4.8

Action                     |  1- 3 |  4- 6 || total
---------------------------+-------+-------++-------
  Melee: Trident           |   112 |    14 ||   126
         Halberd           |       |    34 ||    34
  Throw: Javelin           |       |     1 ||     1
 Armour: Leather armour    |    20 |       ||    20
         Scale mail        |    34 |    25 ||    59
  Dodge: Dodged            |    48 |    19 ||    67
  Block: Other             |     9 |     5 ||    14
         Reflection        |     1 |       ||     1

Table legend: (Time is in decaauts)
 A = Elapsed time spent in this place.
 B = Non-inter-level travel time spent in this place.
 C = Inter-level travel time spent in this place.
 D = Time resting spent in this place.
 E = Time spent auto-exploring this place.
 F = Levels seen in this place.
 G = Mean time per level.
                   A        B        C        D        E       F      G
               +--------+--------+--------+--------+--------+-----+--------+
         Total |   2018 |   1928 |     90 |    196 |   1333 |   3 |  672.7 |
       Dungeon |   2018 |   1928 |     90 |    196 |   1333 |   3 |  672.7 |
               +--------+--------+--------+--------+--------+-----+--------+

Top non-repeatable levels by time:
     D:1: 1012 daAuts
     D:2: 923 daAuts
     D:3: 82 daAuts
